[Event "EU-ch 12th"]
[Site "Aix les Bains"]
[Date "2011.03.25"]
[Round "4"]
[White "Bellaiche, Antony"]
[Black "L'Ami, Erwin"]
[Result "1-0"]
[ECO "D80"]
[WhiteElo "2472"]
[BlackElo "2623"]
[Annotator "Marchand,A/Primel,D"]
[PlyCount "85"]
[EventDate "2011.03.22"]
[EventType "swiss"]
[EventRounds "11"]
[EventCountry "FRA"]
[SourceTitle "CBM 142 Extra"]
[Source "ChessBase"]
[SourceDate "2011.06.27"]
[SourceVersion "1"]
[SourceVersionDate "2011.06.27"]
[SourceQuality "1"]
[TimeControl "40/5400+30:1800+30"]

1. d4 Nf6 2. c4 g6 3. Nc3 d5 4. Bg5 Bg7 (4... Ne4 5. cxd5 Nxg5 6. h4) 5. Bxf6
Bxf6 6. cxd5 c6 7. Rc1 O-O 8. dxc6 Qxd4 9. Qxd4 Bxd4 10. cxb7 Bxb7 11. e3 Bf6
12. Nf3 Nd7 13. Bb5 Nb8 {C'est une erreur de sauvegarde du plateau DGT et
c'est Nc5 qui a été joué dans la partie. Les coups 14.Bf1 Nd7 15.Bb5 n'ont pas
été joués et la partie ne comporte que 41 coups} (13... Nc5 14. O-O Bxf3 15.
gxf3 {L'ordre de coups réel mais on transpose au 15ème coup}) 14. Bf1 Nd7 15.
Bb5 Nc5 {Retombe sur la partie réellement jouée.} 16. O-O Bxf3 17. gxf3 Rab8
18. b4 Rfc8 (18... Ne6 $142 19. a4 Nc7 (19... a6 20. Bxa6 Rxb4)
20. Bd7 Bxc3 21. Rxc3 Nd5 22. Rc5 Nxb4 $132) 19. Nd5 Rxb5 20. a4
Rb7 21. Rxc5 Rd8 22. Rfc1 Kg7 23. b5 $36 Be5 24. Nb4 $1 Bd6 25. Nc6 $1 Ra8 26. Na5 $1 Bxc5 27. Nxb7 Bb6
28. Nc5 (28. a5 $143 Rb8 29. a6 ) 28... Rd8 29. Nb3 Rd3 30. Rb1 Rc3
31. a5 $40 Bc7 32. b6 axb6 33. a6 $1 Bb8 34. Nd4 Ra3 35.
Nc6 Bc7 36. a7 $18 Kf8 37. Rb5 Ra6 38. Kg2 f6 39. f4 Kf7 40. e4 Ke6 (40... Bxf4
$2 41. Rxb6 $1) 41. e5 g5 42. exf6 exf6 43. f5+ 1-0

[Event "EU-ch 12th"]
[Site "Aix les Bains"]
[Date "2011.03.30"]
[Round "8"]
[White "Jobava, Baadur"]
[Black "Safarli, Eltaj"]
[Result "1-0"]
[ECO "D80"]
[WhiteElo "2707"]
[BlackElo "2628"]
[Annotator "Marchand,A/Primel,D"]
[PlyCount "75"]
[EventDate "2011.03.22"]
[EventType "swiss"]
[EventRounds "11"]
[EventCountry "FRA"]
[SourceTitle "CBM 142 Extra"]
[Source "ChessBase"]
[SourceDate "2011.06.27"]
[SourceVersion "1"]
[SourceVersionDate "2011.06.27"]
[SourceQuality "1"]
[TimeControl "40/5400+30:1800+30"]

1. d4 Nf6 2. c4 g6 3. Nc3 d5 4. Bg5 {91} (4. cxd5 Nxd5 5. e4 Nxc3 6. bxc3 Bg7
7. Nf3 c5 8. Be3) 4... Ne4 {91} 5. h4 $5 {91 Une ligne secondaire qui était la
préparation des Blancs et la partie est d'importance théorique car elle
n'avait pas encore été jouée а haut niveau.} (5. Bh4 {La grande ligne} Nxc3 6.
bxc3 dxc4 7. e3 (7. Qa4+)) (5. cxd5 Nxg5 6. h4 Ne4 7. Nxe4 Qxd5) 5... Bg7 {82}
(5... Nxc3 6. bxc3 dxc4 7. e3 Be6 8. h5 Bg7 9. h6 Bf8 {Doyle,J-Stevenson,J 
(2135) West of Scotland-ch 1998 (2) 1-0} (9... Bf6 10. Bxf6 exf6 11. Ne2 Nd7 (
11... c5 12. Rb1) (11... Nc6 12. Rb1 Na5 $11) (11... Bd5 12. Nf4 c6 13. Be2 O-O
$11 {Delchev: The safest Grunfeld}) 12. Nf4)) (5... Nxg5 6. hxg5 $14 ) 6. cxd5 Nxc3 7. bxc3 Qxd5 8. e3 {92} h6 {76} (8... Nd7 9. Nf3 Qa5 10.
Bd3 h6 (10... Qxc3+ 11. Ke2 e5 12. Rc1 $44 {Nguyen,N (2637)-Svidler,P (2739)
FIDE World Cup 2011 (2.6) 0-1})) 9. Bf4 e5 $1 (9... Qa5 $5 ) 10.
Bxe5 Bxe5 11. dxe5 Qxe5 $11 12. Qd4 {92} Nc6 {73} (12... Nd7 {Quelques
semaines plus tard, les Noirs ont tenté d'améliorer la position avec Nbd7} 13.
Nf3 Qf6 14. Bb5 c6 15. Bc4 c5 16. Qxf6 Nxf6 17. Ne5 Rf8 18. Rb1 Rb8 19. f3 Nd7
20. Nd3 Ke7 21. Nf4 Nb6 22. Bb3 g5 23. Nd5+ Nxd5 24. Bxd5 Be6 25. Bxe6 Kxe6 26.
Ke2 b5 27. hxg5 {Goganov,A (2480)-Klimov,S (2503)/St Petersburg 2011/Mega2011
Update 24/1/2-1/2 (52)}) 13. Bb5 {92} Bd7 {47 Les Blancs continuent de suivre
la préparation maison et les Noirs commencent а accuser un net retard а la
pendule} 14. Nf3 $1 {Force l'échange des Q qui va donner une finale agréable а
jouer pour les Blancs} Qxd4 15. cxd4 Ne5 $6 (15...
O-O-O $142 16. Rc1 Rhe8 17. Kd2 (17. h5 g5) (17. Ke2 a6 18. Bc4 Bg4 19. Rhd1
Nxd4+) (17. O-O $143 ) 17... a6 18. Bc4 Re7 19. Rhd1
Bg4 20. Be2 Red7 $2 21. Rxc6 $1 ) 16. Bxd7+
Nxd7 17. Ke2 $1 {88} c5 {40} 18. a4 (18.
h5 g5 19. dxc5 Nxc5 20. Rac1 Ne6 21. Rhd1 $32) 18... Ke7 19. h5 Rac8 (19... g5
{Plus solide car le P"h6" sera trés faible dans la partie}) 20. hxg6 $36 {
[%csl Gh1,Rh6] 85 Les Blancs continuent de jouer quasiment а tempo!} (20. Rab1)
20... fxg6 {31} 21. a5 $1 {[%csl Rb7] 83 La majorité noire а l'aile-dame n'est
pas facile а mobiliser et les Blancs donnent une leçon technique! Le plus
impressionnant est de voir JOBAVA continuer de blitzer.} Rc7 22. Rab1 $16 b6 23. axb6 axb6 24. g4 {73} Ra7 {20} 25. Rb2
Rha8 {Il est souvent recommandé de jouer activement en finale de R mais les
Noirs n'auront pas forcément assez de compensations.} (25... h5 26. gxh5 Rxh5
27. Rg1 Kf7 {Il y a a encore du travail pour les Blancs}) 26. Rxh6 Ra2 27. Rd2
{66} Nf6 {12} 28. Ne5 $1 Rxd2+ 29. Kxd2 {
62 Une heure d'avance !} Ra2+ $6 {02} 30. Kd3 Rxf2 $2 $138 (30... g5) 31. g5 $1
Nd5 32. Nxg6+ Ke8 33. Rh8+ Kd7 34. Ne5+ Ke7 35. Rh7+ Ke6 36. Rh6+ Ke7 37. e4
Nb4+ 38. Ke3 {[%mdl 32] Une partie impressionnante de la part du géorgien} 1-0

[Event "Moscow Tal Memorial 6th"]
[Site "Moscow"]
[Date "2011.11.16"]
[Round "1"]
[White "Ivanchuk, Vassily"]
[Black "Svidler, Peter"]
[Result "1-0"]
[ECO "D80"]
[WhiteElo "2775"]
[BlackElo "2755"]
[Annotator "Ramirez Alvarez,A"]
[PlyCount "121"]
[EventDate "2011.11.16"]
[EventType "tourn"]
[EventRounds "9"]
[EventCountry "RUS"]
[EventCategory "22"]
[SourceTitle "CBM 146"]
[Source "ChessBase"]
[SourceDate "2012.01.18"]
[SourceVersion "1"]
[SourceVersionDate "2012.01.18"]
[SourceQuality "1"]
[TimeControl "6000+30"]

1. d4 Nf6 2. c4 g6 3. Nc3 d5 4. e3 Bg7 5. Qb3 {This is an unusual way of
handling the Grünfeld Defence, which is almost Svidler's only defence against
1. d4. However it is not without poison, as Ivanchuk shows.} e6 (5... c6) (5...
dxc4 {are two other ways of dealing with the pressure on d5, but they lead to
a completely different type of game.}) 6. Qa3 {You could say this is the
"point" of White's setup. Black can't castle for the time being, so he has to
solve that problem.} a5 {Svidler chooses a rather aggressive way of solving
the issue. The idea of a5 is to defend b4, allowing hiw b8 N to anchor himself
there.} (6... Nc6 7. Nf3 Ne7 {is Cheparinov's way of handling the position.})
7. Nf3 Nc6 8. Bd2 Nb4 9. Qa4+ $5 {This interesting check is Ivanchuk's
improvement on the position. The only other two logical moves had been tried
before.} (9. Rc1 {is quite logical, and had been tried by Ben Finegold against
Antal in the Chicago Open a few years ago. However it does not lead to any
type of advantage.}) (9. Qb3 {was Rombaldoni's choice, but it's just not as
accurate.}) 9... Bd7 {There is no other way to defend from the check.} (9...
Qd7 10. Nb5 $16) (9... c6 10. a3 $16) 10. Qb3 {The bishop find itself slightly
misplaced on d7. The main problem is that it is impeding the black Q from
guarding the d5 pawn. This means that a3 might be a threat, or would at least
force Black into giving up the centre with dxc4.} dxc4 $2 {I think this is the
beginning of Black's long term strategic problems. Svidler just had to be more
active.} (10... c5 $5 {is a very Grünfeld-like move. Not being an expert in
this defence I don't want to say that it goes with the spirit of the setup,
but it does look logical.} 11. a3 (11. dxc5 Rc8 12. a3 (12. cxd5 Rxc5 {and it
seems unlikely that White will be able to hold to his material.}) 12... Na6 $1
$15 {is the other point.}) 11... a4 $13 {is the point.}) 11. Bxc4 Bc6 12. a3
Nbd5 (12... Bxf3 13. gxf3 Nbd5 14. Qxb7 $16 {is 0 compensation.}) 13. Ne5 O-O
14. Nxc6 bxc6 15. Qc2 $14 {White has the pair of bishops
and a healthier pawn structure. He just needs to castle to complete
development, and has no glaring weaknesses. If this is not an opening success
I do not know what is.} Qe7 16. O-O c5 {Black manages to exchange one of the
doubled pawns, but his structural weaknesses remain.} 17. Ne2 $1 {Very
beautiful, precise play. Ivanchuk doesn't want to saddle himself with a target
on d4.} cxd4 18. Nxd4 c5 19. Nb5 Rfc8 20. Rfd1 (20. Rad1 {was a tad more
accurate, the idea is to answer} Ng4 {with} 21. Be2 {since now} Qh4 22. h3 {
is possible, which it isn't in the game.}) 20... Ng4 {An attempt for activity,
as Black lacks a clear plan.} 21. h3 Ne5 22. Be2 c4 23. Rac1 h5 {This is an
interesting point to look at the position. White has the pair of bishops and
has pressure on the c4 and a5 pawns. On the other hand, Black has a couple of
well placed Ns near the centre and can potentially put a lot of pressure on b2.
It seems logical then that White must force Black into slowly but surely
retreating. The best way to do this is by pushing out the centralised knights.
Ivanchuk tries to manoeuvre around before committing to e4, but I think this
gives Black too much freedom.} 24. Nc3 (24. e4 Rab8 25. Nd4 Nf6 26. Bc3 $1 $14
{White here is solidly maintaining his position while keeping his options open.
Black is slightly worse but still has a lot of play.} (26. Bxa5 Qb7 27. Bb4
Qxe4 $11 {and Black has good play.})) 24... Nb6 25. Ne4 Nd5 26. Nc3 Nb6 27. Ne4
Nd5 28. Be1 {Ivanchuk has shied away from committing to e4 at some point. This
has let Black have a couple of active pieces, but White's position remains
quite pleasant.} Rab8 {With the obvious threat of Rxb2. Ivanchuk protects
himself in the most obvious way possible, but things start getting murky.} 29.
Kh1 $6 (29. Nc3 Nb6 30. f4 $14) 29... Nd7 (29... Ng4 $1 {was surprisingly
interesting.} 30. Rb1 (30. hxg4 $2 Rxb2 {and White loses.}) 30... Ngxe3 (30...
Be5 $5 31. Nc3 Bxc3 $1 32. bxc3 Ne5 $11 {and Black is just fine. His Ns are at
least as powerful as those caged in Bs.}) 31. fxe3 Nxe3 32. Qc1 Nxd1 33. Bxd1
f5 34. Nc3 e5 {Of course, it is always hard to evaluate such a position. White
is temporarily passive, and the central pawns look quite mighty, but it is not
clear if that is enough to control the minor pieces. All results would be
possible from this position.}) 30. Rb1 Nc5 $2 {This strange move seems to
spoil the nice activity Svidler had achieved. The pawn can be taken without
consequence, which gives Ivanchuk a strong advantage.} (30... Ne5 31. Bxa5 Nd3
$1 {Not the easiest move to find, but it was necessary. It is the only way
Black can regain the pawns.} 32. Bxd3 $8 (32. b3 Nxf2+ $1 33. Nxf2 Nxe3 34. Qe4
Nxd1 35. Bxd1 (35. Rxd1 Qc5 36. Be1 cxb3 $19 {Black will swiftly gain material
for his advanced passed pawn.}) 35... Qxa3 $17 {and Black is definitely better.
}) 32... cxd3 33. Qxd3 Bxb2 34. a4 Qa7 {and Black regains all his pawns, with
obvious equality.}) 31. Bxc4 Nb6 32. Bb5 Nd5 33. a4 {White has an extra pawn
and although Black is still active, it's hard to believe this is full
compensation for the pawn. White's plan is now quite simple, he will untangle
and win with his extra pawn. Black doesn't have any targets so as to be able
to prevent this.} Na6 34. Qe2 Nab4 35. Rbc1 Rc7 36. Nc3 (36. Rxc7 Qxc7 37. Nc3
{was a better way of doing things I think, as Black doesn't get as much
pressure on the c-file.}) 36... Rbc8 37. Nxd5 exd5 38. Rxc7 Rxc7 {The position
has simplified a little, and it doesn't help Black at all. His best hope now
is that the blockade on the queenside holds without any additional damage.} 39.
b3 Bc3 40. Rc1 Qf6 41. Qf3 Qe5 42. Qg3 $1 {A beautiful concept. White
sacrifices his structure to simplify the position, thus depriving Black of all
his activity. Now the position becomes easier to handle.} Qxg3 43. fxg3 Be5 44.
Rxc7 Bxc7 45. Kg1 Nc2 46. Bd2 Bb6 47. Kf2 {The pair of bishops and the
activity of the king are too much for the black forces.} d4 48. e4 d3+ 49. Kf1
Ne3+ (49... Nb4 50. Bxb4 axb4 51. Bxd3 $18 {should be quite hopeless.}) 50. Ke1
Nxg2+ 51. Kd1 h4 (51... Ne3+ 52. Kc1 Nf1 53. Bf4 Bf2 54. Bxd3 Bxg3 55. Bxg3
Nxg3 56. b4 {and Black's forces are way too far away from the a-pawn.}) 52.
gxh4 Nxh4 53. b4 axb4 54. Bxb4 Nf3 55. a5 Bd4 56. Be7 {Ivanchuk chooses to aid
his pawn as quickly as possible, though Bxd3 should also suffice.} f5 57. exf5
gxf5 58. Bd8 Kf7 59. Bb6 Ke6 60. Bxd4 Nxd4 61. Bxd3 {Ns are particularly bad
at catching rook pawns because they end up far away from the rest of the board.
Especially if the rest of the board is another rook pawn. A very interesting
opening by Ivanchuk that paid great dividends, and although Svidler played a
strong game and maybe even had chances to equalise, one slip was enough for
him to lose. Ivanchuk's technique after winning the pawn in the middlegame was
absolutely flawless.} 1-0

[Event "Match/Team URS-World 20,5-19,5"]
[Site "Belgrade"]
[Date "1970.04.02"]
[Round "3.7"]
[White "Taimanov, Mark E"]
[Black "Uhlmann, Wolfgang"]
[Result "1/2-1/2"]
[ECO "D80"]
[WhiteElo "2600"]
[BlackElo "2570"]
[Annotator "Taimanov/Uhlmann"]
[PlyCount "121"]
[EventDate "1970.03.29"]
[EventType "team"]
[EventRounds "4"]
[EventCountry "YUG"]
[SourceTitle "MCL"]
[Source "ChessBase"]
[SourceDate "1999.07.01"]
[SourceVersion "1"]
[SourceVersionDate "1999.07.01"]
[SourceQuality "1"]
[WhiteTeam "Soviet Union"]
[BlackTeam "World"]
[WhiteTeamCountry "URS"]
[TimeControl "40/9000:16/5400:0"]

1. d4 Nf6 2. c4 g6 3. Nc3 d5 4. Bg5 Ne4 5. Bh4 c5 6. cxd5 Nxc3 7. bxc3 Qxd5 8.
e3 Bg7 9. Qf3 Qd8 $1 {Uhlmann=:U} 10. Bb5+ Nd7 11. Ne2 O-O (11... cxd4 12. exd4
{Taimanov=:T} (12. cxd4 $4 Qa5+) 12... O-O 13. O-O Nf6 $10 {U}) 12. O-O a6 13.
Bd3 Rb8 (13... Ne5 14. dxe5 Qxd3 15. Bxe7 {T}) 14. a4 b6 (14... Nf6 $142 {U})
15. Rfd1 Qe8 $2 {T} (15... Bb7 16. Be4 Bxe4 17. Qxe4 Nf6 18. Qd3 Qc8 19. Bg3
Ra8 {T}) 16. Be4 $1 {P 17. c6 T} e5 $2 (16... Nf6 17. Bxf6 (17. Bc6 Bd7 18.
Bxd7 Nxd7 19. Qc6 $14 {U}) 17... exf6 $14 {U} (17... Bxf6 18. Bc6) 18. Bc6 Qe7
19. Nf4 {T}) 17. Bc6 Qe6 18. Bg3 $1 {U P 19. d7 d7 20. e5 T} Rd8 (18... Re8 19.
dxe5 Bxe5 20. Nf4 Qe7 (20... Qf5 21. Bxd7 Bxd7 22. e4 $18) 21. Bxd7 Bxd7 22.
Nd5 Qe6 23. Bxe5 Qxe5 24. Nf6+ $18 {U}) 19. dxe5 Bxe5 20. Bd5 Qe7 21. Qxf7+
Qxf7 22. Bxf7+ Kxf7 23. Bxe5 Rb7 24. Bf4 Re8 25. f3 c4 (25... Ne5 26. Bxe5 Rxe5
27. e4 {T}) 26. Rd4 $2 {T/U} (26. e4 Nc5 27. Be3 $1 {U} Nd3 (27... Nxe4 $2 28.
fxe4 Rxe4 29. Rf1+ Kg8 (29... Ke8 30. Bh6 $18) 30. Bh6 $18 {U}) 28. Rdb1 {T})
26... Nc5 $1 {T} 27. Rxc4 Be6 28. Rb4 a5 29. Rb2 Bd7 30. Rba2 Nb3 31. Rd1 Nc5
32. Rd4 Ne6 33. Rc4 g5 $1 {U} 34. Bd6 Nc5 {P 35... e6 T} 35. Nd4 (35. Rd4 Rxe3
36. Kf2 Re8 37. Ng3 $18 {U}) 35... Nxa4 $1 {U} 36. Rcxa4 Bxa4 37. Rxa4 Rxe3 38.
Nb5 Re1+ 39. Kf2 Rb1 40. c4 $2 {T} (40. Nd4 {T}) 40... Rd7 {P 41... b5 T} 41.
Be5 Rd2+ 42. Ke3 (42. Kg3 Rg1 $40 {U} 43. Kg4 Kg6 $1 {T}) 42... Rxg2 43. Ke4
Rb4 $1 {T/U} 44. Rxb4 axb4 45. Nd4 {P e4-d5-c6 T} Ke7 46. Bc7 (46. Kd5 Kd7 {T})
(46. Nc6+ Ke6 {T}) 46... Kd7 47. Bxb6 b3 $1 {T} (47... Rxh2 48. c5 {T}) 48.
Nxb3 Rb2 49. Be3 (49. Nc5+ Kc6 50. Ba7 Ra2 51. Ne6 $10 {U}) 49... Rxb3 50. Bxg5
Rc3 51. Bf6 Rxc4+ 52. Kf5 Rc2 53. h4 Rf2 54. f4 Ke8 55. Kg5 Rg2+ 56. Kh5 Rg6
57. Bg5 Kf7 58. f5 Rc6 59. f6 Ke6 60. Kh6 Rc7 61. Be3 (61. Be3 Kxf6 62. Bd4+
Kf5 63. h5 $1 $10 {T/U} (63. Bg7 $2 Rxg7 64. Kxg7 h5 $19 {U})) 1/2-1/2

[Event "Match/Team URS-World 20,5-19,5"]
[Site "Belgrade"]
[Date "1970.03.29"]
[Round "1.7"]
[White "Taimanov, Mark E"]
[Black "Uhlmann, Wolfgang"]
[Result "1-0"]
[ECO "D80"]
[WhiteElo "2600"]
[BlackElo "2570"]
[Annotator "Taimanov/Uhlmann"]
[PlyCount "115"]
[EventDate "1970.03.29"]
[EventType "team"]
[EventRounds "4"]
[EventCountry "YUG"]
[SourceTitle "MCL"]
[Source "ChessBase"]
[SourceDate "1999.07.01"]
[SourceVersion "1"]
[SourceVersionDate "1999.07.01"]
[SourceQuality "1"]
[WhiteTeam "Soviet Union"]
[BlackTeam "World"]
[WhiteTeamCountry "URS"]
[TimeControl "40/9000:16/5400:0"]

1. d4 Nf6 2. c4 g6 3. Nc3 d5 4. Bg5 Ne4 5. Bh4 c5 6. cxd5 $1 {Uhlmann=:U} Nxc3
(6... Qa5 7. Qd3 $1 {U}) 7. bxc3 Qxd5 (7... Qa5 8. Qd2 Bg7 9. e3 $14 {U}) 8. e3
cxd4 (8... Nc6 $142 {Taimanov=T}) (8... Bg7 $142 {T/U} 9. Qf3 Qd8 {U}) 9. Qxd4
$1 {T/U} Qxd4 10. cxd4 Nc6 11. Bb5 Bd7 12. Nf3 Bg7 13. O-O e6 14. Rab1 $1 {T}
O-O 15. Nd2 $1 {U} f5 16. Nb3 b6 17. Rfc1 Rac8 18. Ba6 Rce8 (18... Rb8 $2 19.
Bg3 e5 20. Bb5 $16) 19. Bb7 Nd8 20. Rc7 Rf7 (20... Nxb7 21. Rxb7 (21. Rxd7 $2
Rf7 22. Rxf7 Kxf7 23. Rc1 Bf6 $10 {U}) 21... Bc6 22. Rxa7 Ra8 23. Rxa8 Rxa8 24.
Nc1 b5 $14 {T/U}) 21. Ba6 Ba4 22. Rbc1 Bf8 23. R1c4 Rxc7 24. Rxc7 Nc6 25. Bc4
$1 {T} Bg7 (25... Bd6 26. Rb7 {U}) 26. Rc8 $2 {T /!? U} (26. Bg3 $1 {P c8 T}
Kh8 $2 27. Bxe6 {U}) 26... Rxc8 27. Bxe6+ Kf8 28. Bxc8 Nb4 29. Nc1 Kf7 $1 {
T/U P 30... f4!T} 30. Bg3 Bf8 31. Bb7 $2 {U} (31. Bb8 Nc6 32. Bd7 {U}) 31...
Ke6 32. Bb8 Kd7 $1 {T/U} 33. Bf3 (33. Bxa7 $4 Kc7 {U}) 33... Bb5 34. Bd1 a5 35.
a4 Bc4 36. g4 $1 {T} b5 37. gxf5 gxf5 38. Be5 Nc6 $6 {T/U} (38... Nd5 $1 {T/U}
39. axb5 Bxb5 40. Bc2 Ke6 41. Nd3 a4 {T}) 39. Bh8 Ba3 40. axb5 Bxc1 (40... Bxb5
41. Nb3 a4 42. Nc5+ Bxc5 43. dxc5 Ke6) 41. bxc6+ Kxc6 42. Ba4+ Kd5 $2 {U} (
42... Bb5 43. d5+ (43. Bc2 $142 {T/U} a4 44. Bxf5 a3 45. Bxh7 Bc4 $14 {U})
43... Kc5 44. Bd4+ Kb4 $10 {T/U}) 43. Bc2 Ke6 44. Kg2 Ba3 45. Be5 Bf8 46. Bc7
Bd5+ 47. f3 Bb4 48. Kg3 Kf6 (48... Bd6+ 49. Bxd6 Kxd6 50. Kf4 Be6 51. e4 fxe4
52. fxe4 {T}) 49. Be5+ Kg6 50. Kf4 Be6 51. Ba4 $1 {T/U} Bf8 52. e4 (52. Be8+
Bf7 53. Bxf7+ Kxf7 54. Kxf5 a4 {T}) 52... Bh6+ 53. Kg3 fxe4 54. fxe4 Bd2 55. d5
Be1+ 56. Kf3 Bh3 57. Be8+ Kh6 58. Bf6 1-0